 Dungeon Crawl Stone Soup version 0.31-a0-437-g7cee417757 (webtiles) character file.

Game seed: 3882398491667757218

126 AdnanSaban the Trooper (level 5, -4/33 HPs)
             Began as a Gargoyle Fighter on Aug 2, 2023.
             Slain by an ogre
             ... wielding a +0 giant club
              (21 damage)
             ... on level 4 of the Dungeon.
             The game lasted 00:01:38 (2429 turns).

AdnanSaban the Trooper (Gargoyle Fighter)           Turns: 2429, Time: 00:01:39

Health: -4/33      AC: 11    Str: 22    XL:     5   Next: 10%
Magic:  5/5        EV:  9    Int:  8    God:
Gold:   153        SH:  4    Dex:  9    Spells: 4/4 levels left

rFire   . . .        a - +0 flail
rCold   . . .        c - +0 buckler
rNeg    + . .        b - +0 scale mail
rPois   ∞            (no helmet)
rElec   +            (no cloak)
rCorr   .            (no gloves)
SInv    .            (no boots)
Will    .....        (no amulet) Stlth
                     (no ring)
HPRegen 0.25/turn    (no ring)
MPRegen 0.09/turn

%: no passive effects
@: no status effects
A: sickness immunity, AC +4, negative energy resistance 1, electricity
resistance, torment resistance 1, petrification resistance
a: no special abilities


You were on level 4 of the Dungeon.
You visited 1 branch of the dungeon, and saw 4 of its levels.

You collected 153 gold pieces.

Inventory:

Hand Weapons
 a - a +0 flail (weapon)
Armour
 b - a +0 scale mail (worn)
 c - a +0 buckler (worn)
Jewellery
 n - an amulet of regeneration
Wands
 m - a wand of polymorph (1)
Scrolls
 g - a scroll of fog {unknown}
 h - 3 scrolls of teleportation {unknown}
 i - 4 scrolls of identify {unknown}
 k - 2 scrolls of immolation {unknown}
Potions
 d - a potion of might
 e - 2 potions of brilliance {unknown}
 f - a potion of lignification {unknown}
 j - a potion of haste {unknown}
 o - a potion of curing {unknown}


   Skills:
 + Level 4.0 Fighting
 + Level 3.5 Maces & Flails
 + Level 3.8 Armour
 + Level 0.6 Dodging
 + Level 0.3 Stealth
 + Level 3.8 Shields


You had 4 spell levels left.
You didn't know any spells.
Your spell library contained the following spells:

 Spells                   Type           Power      Damage    Failure   Level
 Kiss of Death            Conj/Necr      0%         2d5       80%         1
 Confusing Touch          Hex            0%         N/A       99%         3
 Dispel Undead            Necr           0%         3d6       100%        4


Dungeon Overview and Level Annotations

Branches:
Dungeon (4/15)
 Temple: D:4-7

Altars:
Makhleb
Yredelemnul


Innate Abilities, Weirdness & Mutations

You are immune to sickness and miasma.
Your stone body is resilient. (AC +4)
You are immune to poison.
You resist negative energy. (rN+)
You are resistant to electric shocks. (rElec)
You are resistant to unholy torment.
You are immune to petrification.


Message History

You now have 153 gold pieces (gained 12).
Found an escape hatch in the floor.
e - 2 viscous pink potions (gained 1)
i - 4 scrolls labelled BAGRAI NETADE (gained 1)
You open the door.
There is an open door here.
You open the door. You open the door.
There is an open door here.
There is an open door here.
You open the door.
An ogre comes into view. It is wielding a +0 giant club.
There is an open door here.
An ogre is nearby!
You throw a poisoned dart.
The poisoned dart barely misses the ogre.
You throw a poisoned dart. The poisoned dart hits the ogre.
You barely miss the ogre. The ogre hits you with a +0 giant club.
You sock the ogre!
The ogre is heavily wounded.
The ogre misses you.
You hit the ogre.
The ogre is severely wounded.
You barely miss the ogre.
The ogre is severely wounded.
The ogre hits you with a +0 giant club!
You hit the ogre but do no damage.
The ogre is severely wounded.
The ogre closely misses you.
You hit the ogre.
The ogre is severely wounded.
The ogre barely misses you.
You closely miss the ogre.
The ogre is severely wounded.
The ogre hits you with a +0 giant club.
You completely miss the ogre.
The ogre is severely wounded.
The ogre hits you with a +0 giant club!!
Ouch! That really hurt!
You die...

.....#...#..........
.....##'##..........
#####........##+####
....#........#..#
....'........#..#
#####........#..# #
###'#.....#..###.####
#...#.....#.........#
#...#.....#..@O(...(+
###.#.....##'#####+##
#####.............
#.............
#.............
#.............
#####......###
#......# #......#


You could see an ogre.

Vanquished Creatures
  A hound (D:3)
  Jessica (D:3)
  An adder (D:2)
  2 worms
  3 orcs
  3 bats
  4 endoplasms
  A giant cockroach (D:2)
  3 hobgoblins
  2 jackals (D:1)
  4 kobolds
  4 quokkas
  3 ball pythons
  4 frilled lizards
  6 goblins
  6 rats
48 creatures vanquished.

Notes
Turn   | Place    | Note
-------+----------+-------------------------------------------
     0 | D:1      | AdnanSaban the Gargoyle Fighter began the quest for the
                  | Orb.
     0 | D:1      | Reached XP level 1. HP: 14/14 MP: 1/1
   104 | D:1      | Found a faded altar of an unknown god.
   358 | D:1      | Reached XP level 2. HP: 19/19 MP: 2/2
  1053 | D:2      | Reached XP level 3. HP: 24/24 MP: 3/3
  1782 | D:3      | Reached XP level 4. HP: 29/29 MP: 4/4
  1802 | D:3      | Noticed Jessica
  1814 | D:3      | Killed Jessica
  1832 | D:3      | Found a basalt altar of Yredelemnul.
  1833 | D:3      | Found a burning altar of Makhleb.
  1915 | D:3      | Reached skill level 4 in Fighting
  1915 | D:3      | Reached XP level 5. HP: 30/33 MP: 5/5
  2418 | D:4      | Noticed an ogre
  2429 | D:4      | Slain by an ogre

Illustrated notes

Levels and vault maps discovered:
D:1:      tarquinn_simple_flora_water_d, layout_basic,
          shapermc_ecumenical_altar_flowoftime, hangedman_glass_teeth
D:2:      layout_loops_ring
D:3:      layout_basic, mainiacjoe_overflow_divided_tiny, dk_noncrumbling_3,
          uniq_jessica
D:4:      layout_gridville, kennysheep_opposing_triangles, uniq_pikel,
          uniq_robin

Skill      XL: |  1  2  3  4 |
---------------+-------------+-----
Maces & Flails | 3 |  3.5
Fighting       | 4 |  4.0
Armour         | |  3.8
Dodging        | |  0.6
Stealth        | |  0.3
Shields        | |  3.8

Action                     |  1- 3 |  4- 6 || total
---------------------------+-------+-------++-------
  Melee: Flail             |   138 |    56 ||   194
  Throw: Dart              |       |     2 ||     2
 Armour: Scale mail        |    54 |    26 ||    80
  Dodge: Dodged            |    50 |    19 ||    69
  Block: Buckler           |    28 |    11 ||    39

Table legend: (Time is in decaauts)
 A = Elapsed time spent in this place.
 B = Non-inter-level travel time spent in this place.
 C = Inter-level travel time spent in this place.
 D = Time resting spent in this place.
 E = Time spent auto-exploring this place.
 F = Levels seen in this place.
 G = Mean time per level.
                   A        B        C        D        E       F      G
               +--------+--------+--------+--------+--------+-----+--------+
         Total |   2498 |   2344 |    154 |      0 |   1890 |   4 |  624.5 |
       Dungeon |   2498 |   2344 |    154 |      0 |   1890 |   4 |  624.5 |
               +--------+--------+--------+--------+--------+-----+--------+

Top non-repeatable levels by time:
     D:1: 1071 daAuts
     D:2: 722 daAuts
     D:3: 626 daAuts
     D:4: 77 daAuts
